[Event "*** Titled Tuesday Blitz"]
[Site "Chess.com"]
[Date "2019.05.07"]
[Round "8"]
[White "2165149677570"]
[Black "Heineccius"]
[Result "1-0"]
[WhiteElo "2340"]
[BlackElo "2474"]
[TimeControl "180+2"]
[EndTime "14:51:32 PDT"]
[Termination "2165149677570 won by resignation"]

1. e4 c5 2. Nf3 e6 3. d4 cxd4 4.
Nxd4 a6 5. Bd3 Bc5 6. Nb3 Be7 7. Qg4 g6 8. f4 d6 9. O-O Nd7 10. Be3 Ngf6 11. Qf3 O-O 12. N1d2 Qc7 13. c4 b6 14. e5 Bb7 15. exf6 Bxf3 16. fxe7 Rfe8 17. Nxf3 Rxe7 18. Rac1 Nc5 19. Bb1 Rb8 20. Nbd4 e5 21.
Nc2 Nd3 22. Rcd1 Nxb2 23. Rde1 Nxc4 24. Bf2 exf4 25. Rxe7 Qxe7 26. Re1 Qc7 27. Nb4 Qe7 28.
Rxe7 1-0

[Event "*** Titled Tuesday Blitz"]
[Site "Chess.com"]
[Date "2019.05.07"]
[Round "8"]
[White "jefferyx"]
[Black "Firouzja2003"]
[Result "1-0"]
[WhiteElo "2929"]
[BlackElo "3057"]
[TimeControl "180+2"]
[EndTime "14:51:37 PDT"]
[Termination "jefferyx won by resignation"]

1. d4 Nf6 2. Nf3 g6 3. Nbd2 Bg7 4.
e4 d6 5. Bd3 O-O 6. O-O Nbd7 7.
c3 e5 8. Re1 b6 9. a4 a6 10.
Nf1 Bb7 11. Ng3 Re8 12. h3 h6 13. Bd2 Kh7 14. Qb3 Qe7 15. Qa3 Rad8 16. b4 Qf8 17. d5 Ra8 18. a5 b5 19. c4 bxc4 20. Bxc4 c6 21. dxc6 Bxc6 22. Qd3 Bb7 23. Qb3 Re7 24. Rad1 Ne8 25. Be3 f5 26. exf5 gxf5 27. Be6 f4 28. Bf5+ Kh8 29. Nh4 1-0

[Event "*** Titled Tuesday Blitz"]
[Site "Chess.com"]
[Date "2019.05.07"]
[Round "8"]
[White "Karacsonyi_Gellert"]
[Black "TastyFrenchFries"]
[Result "0-1"]
[WhiteElo "2537"]
[BlackElo "2468"]
[TimeControl "180+2"]
[EndTime "14:51:39 PDT"]
[Termination "TastyFrenchFries won by resignation"]

1. e4 e6 2. d4 d5 3. e5 c5 4. c3 Nc6 5. Nf3 Qb6 6. a3 Nh6 7. Bd3 Bd7 8. Bxh6 Qxb2 9. O-O Qxa1 10. Bc1 c4 11. Bc2 h6 12. Qe2 Na5 13. Nfd2 Qa2 14.
Qd1 Nb3 15. f4 g6 16. g4 Na1 17. Bxg6 fxg6 18. f5 gxf5 19. gxf5 Rg8+ 20. Kh1 O-O-O 21. fxe6 Bxe6 22. Qa4 a6 23. Qa5 Qc2 24. a4 Qg6 0-1

[Event "*** Titled Tuesday Blitz"]
[Site "Chess.com"]
[Date "2019.05.07"]
[Round "8"]
[White "LastHeroJr"]
[Black "Vincent_Vega95"]
[Result "0-1"]
[WhiteElo "2499"]
[BlackElo "2671"]
[TimeControl "180+2"]
[EndTime "14:51:41 PDT"]
[Termination "Vincent_Vega95 won by checkmate"]

1. e4 c5 2. Nf3 d6 3. d4 cxd4 4. Nxd4 Nf6 5. Nc3 a6 6. Bg5 e6 7. f4 Qc7 8. Bxf6 gxf6 9. Qd2 Nc6 10. O-O-O Bd7 11. Be2 h5 12. Kb1 O-O-O 13. Nb3 Kb8 14. Rhf1 h4 15. Rf3 Bc8 16. Rh3 Bg7 17. Qe1 f5 18. exf5 d5 19. Bd3 Nb4 20. Ne2 Nxd3 21. cxd3 Qe7 22. fxe6 Bxe6 23. Re3 Qf6 24. d4 Bf5+ 25. Ka1 Rhe8 26. Nc3 Rxe3 27. Qxe3 Qd6 28. Re1 Bf6 29. Nc5 Ka7 30. g3 hxg3 31. hxg3 Rh8 32.
Nd3 Bxd3 33. Qxd3 Qb4 34. Rd1 Rh2 35. a3 Qxb2# 0-1

[Event "*** Titled Tuesday Blitz"]
[Site "Chess.com"]
[Date "2019.05.07"]
[Round "8"]
[White "HouseOfDurin"]
[Black "Blitzstream"]
[Result "0-1"]
[WhiteElo "1981"]
[BlackElo "2576"]
[TimeControl "180+2"]
[EndTime "14:51:44 PDT"]
[Termination "Blitzstream won by checkmate"]

1. d4 Nf6 2. Bg5 Ne4 3. h4 f6 4.
Bf4 c5 5. f3 Nd6 6. dxc5 Nf7 7.
c3 e5 8. Be3 a5 9. b4 Na6 10.
Qd2 axb4 11. cxb4 d6 12. Nc3 dxc5 13. Qxd8+ Nxd8 14. Nd5 Be6 15. Nb6 Rb8 16. bxc5 Nb4 17. Kd2 Ndc6 18. a3 Rd8+ 19. Kc3 Nd5+ 20. Nxd5 Rxd5 21.
Rb1 Nd4 22. Rxb7 Rxc5+ 23. Kb2 Rc2+ 24. Ka1 Bxa3 25. Bxd4 exd4 26. Rb8+ Kd7 27. Rb7+ Kc6 28. Rb1 Ra2# 0-1

[Event "*** Titled Tuesday Blitz"]
[Site "Chess.com"]
[Date "2019.05.07"]
[Round "8"]
[White "PNEPaul"]
[Black "Vamostodorecto"]
[Result "0-1"]
[WhiteElo "1845"]
[BlackElo "2402"]
[TimeControl "180+2"]
[EndTime "14:51:44 PDT"]
[Termination "Vamostodorecto won by resignation"]

1. e4 e5 2. Nf3 Nc6 3. Bc4 Bc5 4.
b4 Bxb4 5. c3 Be7 6. Qb3 Nh6 7. d4 Na5 8. Qb5 c6 9. Qxe5 Nxc4 10.
Qxg7 Rg8 11. Qxh6 Rxg2 12. Qxh7 d6 13. Qh8+ Kd7 14. Qh3+ f5 15. Qxg2 fxe4 16. Qg4+ Kc7 17.
Qxe4 Qf8 18. Bf4 Bf5 19. Qe2 Nb6 20. Nbd2 Re8 21. O-O-O Bg6 22. Rhe1 Qxf4 0-1

[Event "*** Titled Tuesday Blitz"]
[Site "Chess.com"]
[Date "2019.05.07"]
[Round "8"]
[White "fusaran"]
[Black "quesfr"]
[Result "1-0"]
[WhiteElo "2263"]
[BlackElo "2162"]
[TimeControl "180+2"]
[EndTime "14:51:52 PDT"]
[Termination "fusaran won by resignation"]

1. e4 e5 2. Nf3 Nc6 3. Bb5 a6 4. Ba4 Nf6 5. Bxc6 dxc6 6. d3 Nd7 7. Nbd2 Bc5 8. Nc4 f6 9. O-O O-O 10. Nh4 Nb6 11. Ne3 Bxe3 12. Bxe3 Qe8 13. g3 Bh3 14. Re1 Rd8 15. g4 Qd7 16. f3 g5 17. Nf5 h5 18.
Qe2 Qh7 19. Rad1 Nc8 20. d4 exd4 21. Bxd4 Nd6 22. Bc5 hxg4 23. fxg4 Nxf5 24. exf5 Rxd1 25. Rxd1 Qh4 26. Bxf8 Bxg4 27. Qe6+ Kh8 28. Qxf6+ 1-0

[Event "*** Titled Tuesday Blitz"]
[Site "Chess.com"]
[Date "2019.05.07"]
[Round "8"]
[White "Micki-taryan"]
[Black "VeraNebolsina"]
[Result "1-0"]
[WhiteElo "3015"]
[BlackElo "2368"]
[TimeControl "180+2"]
[EndTime "14:52:02 PDT"]
[Termination "Micki-taryan won by resignation"]

1. Nf3 Nf6 2. g3 g6 3. Bg2 Bg7 4. O-O O-O 5. d4 d6 6. Nc3 Nc6 7. d5 Nb8 8. a4 a5 9. e4 c6 10.
Re1 Bg4 11. h3 Bxf3 12. Qxf3 Nbd7 13. Qe2 Qc7 14. Be3 Rfe8 15. Rad1 e6 16. dxe6 Rxe6 17. Qc4 Nb6 18. Qb3 Nfd7 19. f4 Rae8 20. Bf2 h6 21. h4 h5 22. Bf3 R6e7 23. Kg2 Nc8 24. Qc4 Ncb6 25. Qd3 Re6 26. g4 hxg4 27. Bxg4 Rf6 28. Ne2 Nf8 29. b3 Ne6 30. Qg3 Kf8 31. f5 Nd8 32. Nf4 Nd7 33. h5 g5 34. Nd3 Ne5 35.
Nxe5 dxe5 36. Be3 Bh6 37. Rd3 c5 38. Red1 Nc6 39. Bxc5+ Kg7 40. Rd7 Qc8 41. R7d5 Kh7 42. c3 Bf8 43. Bxf8 Rxf8 44. Be2 Kh6 45. Bb5 Ne7 46. Rxe5 Qxc3 47. Qxc3 1-0

[Event "*** Titled Tuesday Blitz"]
[Site "Chess.com"]
[Date "2019.05.07"]
[Round "8"]
[White "Yurovskykh_Oleksandr"]
[Black "RzayevB"]
[Result "0-1"]
[WhiteElo "2536"]
[BlackElo "2707"]
[TimeControl "180+2"]
[EndTime "14:52:16 PDT"]
[Termination "RzayevB won by checkmate"]

1. d4 d5 2. Bf4 Nf6 3. e3 g6 4.
Nf3 Bg7 5. Be2 O-O 6. O-O c5 7. c3 Nc6 8. Nbd2 Nd7 9. Qb3 e5 10. dxe5 Ndxe5 11. Nxe5 Nxe5 12. Nf3 c4 13. Qd1 Nc6 14. Nd4 Nxd4 15. exd4 b5 16. a3 a5 17. Bf3 Be6 18. Be5 Bh6 19. b3 Rc8 20. bxc4 Rxc4 21.
Qb3 Qd7 22. Be2 Re8 23. Bxc4 dxc4 24. Qb2 Bd5 25. a4 f6 26. Bg3 bxa4 27. Qb6 Bd2 28.
Qxf6 Rf8 29. Qd6 Qb7 30. Rxa4 Bxg2 31. Rxa5 Bxf1 32. Kxf1 Qh1+ 33. Ke2 Qe1# 0-1

[Event "*** Titled Tuesday Blitz"]
[Site "Chess.com"]
[Date "2019.05.07"]
[Round "8"]
[White "fidezivkovic"]
[Black "JeremDev"]
[Result "1-0"]
[WhiteElo "2290"]
[BlackElo "2457"]
[TimeControl "180+2"]
[EndTime "14:52:19 PDT"]
[Termination "fidezivkovic won by resignation"]

1. e4 c5 2. Nc3 g6 3. f4 Bg7 4. Nf3 Nc6 5. Bb5 Nd4 6. O-O a6 7. Bc4 e6 8. d3 Ne7 9. Nxd4 Bxd4+ 10. Kh1 d6 11. Qe1 f5 12. exf5 exf5 13. Nd5 b5 14. Bb3 Bb7 15. c3 Bg7 16. Qe6 Rf8 17.
Re1 Bxd5 18. Bxd5 Rc8 19. Bd2 Qd7 20. Qe2 Kd8 21. Be6 Qe8 22. Bxc8 Nxc8 23. Qxe8+ Rxe8 24. Rxe8+ Kxe8 25. a4 b4 26. cxb4 Bxb2 27. Rb1 Bd4 28. bxc5 Bxc5 29. Rb7 Ne7 30. g3 h5 31. Bb4 Bxb4 32.
Rxb4 Kd7 33. Rb6 a5 34. Rb7+ Ke6 35. Kg2 Nc6 36. Rg7 Kf6 37. Rc7 Nb4 38. Kf3 Ke6 39.
Rg7 Kf6 40. Ra7 Ke6 41. Rxa5 Nxd3 42. Ra8 Kd5 43. Rg8 Nc5 44. a5 Kc4 45. Rxg6 d5 46.
a6 1-0

[Event "*** Titled Tuesday Blitz"]
[Site "Chess.com"]
[Date "2019.05.07"]
[Round "8"]
[White "annamaja"]
[Black "dopolian"]
[Result "0-1"]
[WhiteElo "2146"]
[BlackElo "2262"]
[TimeControl "180+2"]
[EndTime "14:52:22 PDT"]
[Termination "dopolian won by checkmate"]

1. e4 e5 2. Nf3 Nc6 3. Bc4 Bc5 4. O-O Nf6 5. d3 O-O 6. c3 d5 7. exd5 Nxd5 8. h3 Bb6 9. Re1 Be6 10. Nxe5 Nxe5 11.
Rxe5 Bxf2+ 12. Kh1 Qf6 13. Qe2 Bg3 14. Rxd5 Bxd5 15.
Bxd5 Rae8 16. Be4 Qd6 17. Be3 f5 18. Nd2 fxe4 19. Nxe4 Qg6 20. Bc5 Rf5 21. Qe3 Bd6 22. Bxd6 cxd6 23. Re1 Ref8 24. Qxa7 d5 25. Nc5 Rf1+ 26.
Rxf1 Rxf1+ 27. Kh2 Qd6+ 28. g3 Rf2+ 29. Kh1 Qxg3 30. Qa8+ Rf8 31. Qxb7 Rf1# 0-1

[Event "*** Titled Tuesday Blitz"]
[Site "Chess.com"]
[Date "2019.05.07"]
[Round "8"]
[White "Mimsychess"]
[Black "Satscho"]
[Result "1-0"]
[WhiteElo "2351"]
[BlackElo "2290"]
[TimeControl "180+2"]
[EndTime "14:52:23 PDT"]
[Termination "Mimsychess won by checkmate"]

1. d4 Nf6 2. c4 g6 3. Nc3 Bg7 4. e4 d6 5. Nf3 O-O 6. Be2 e5 7. Be3 Ng4 8. Bg5 f6 9. Bh4 g5 10. Bg3 Nh6 11. d5 a5 12. h4 Nf7 13. hxg5 fxg5 14.
Nh2 Na6 15. Bg4 Nc5 16. Bxc8 Qxc8 17. Ng4 c6 18. f3 cxd5 19. Nxd5 Qd8 20. Qe2 Ne6 21.
Bf2 Nd4 22. Bxd4 exd4 23. O-O-O a4 24. Qd3 Ne5 25. Nxe5 Bxe5 26. Rh5 Rc8 27. Rdh1 Rf7 28. Kb1 Rg7 29. g3 Qa5 30. f4 b5 31. fxe5 bxc4 32. Qxd4 c3 33. e6 cxb2 34. Qxg7+ Kxg7 35. Rxh7+ Kg8 36. Nf6+ Kf8 37. Rf7# 1-0

[Event "*** Titled Tuesday Blitz"]
[Site "Chess.com"]
[Date "2019.05.07"]
[Round "8"]
[White "Cryptochess"]
[Black "Indianlad"]
[Result "1-0"]
[WhiteElo "2599"]
[BlackElo "2881"]
[TimeControl "180+2"]
[EndTime "14:52:25 PDT"]
[Termination "Cryptochess won by checkmate"]

1. e4 c5 2. Nf3 d6 3. d4 cxd4 4. Nxd4 Nf6 5. Nc3 a6 6. h3 e5 7.
Nde2 h5 8. g3 b5 9. Bg2 Bb7 10.
O-O Nbd7 11. a4 b4 12. Nd5 Nxd5 13. exd5 a5 14. c3 h4 15. cxb4 axb4 16. Bd2 hxg3 17.
Nxg3 Rb8 18. Bxb4 Ba6 19. Qd2 Bxf1 20. Bxf1 Be7 21. Bb5 Rxh3 22. Ba5 Bg5 23. Qb4 Qc8 24. Nf5 Qc2 25. Qxd6 Rxb5 26. Nxg7# 1-0

[Event "*** Titled Tuesday Blitz"]
[Site "Chess.com"]
[Date "2019.05.07"]
[Round "8"]
[White "FedaMaster"]
[Black "Vusatiuk_Vladimir"]
[Result "1-0"]
[WhiteElo "2327"]
[BlackElo "2196"]
[TimeControl "180+2"]
[EndTime "14:52:30 PDT"]
[Termination "FedaMaster won on time"]

1. e4 c5 2. d4 cxd4 3. c3 dxc3 4. Nxc3 Nc6 5. Nf3 e6 6. Bc4 a6 7. O-O Nge7 8. Bg5 h6 9. Be3 b5 10. Bb3 Ng6 11. Nd4 Na5 12. Nf5 Nxb3 13. axb3 exf5 14.
Nd5 Rb8 15. exf5 Ne5 16. f4 Nc6 17. Re1 Be7 18. Bc5 d6 19. Nxe7 Nxe7 20. Bxd6 Rb7 21. f6 gxf6 22. Qd4 Rd7 23. Qxf6 Rg8 24. Bb4 Bb7 25. g3 h5 26. Rac1 h4 27. Rc3 Ba8 28. Rce3 Rg6 29. Rxe7+ 1-0

[Event "*** Titled Tuesday Blitz"]
[Site "Chess.com"]
[Date "2019.05.07"]
[Round "8"]
[White "northridgehawk"]
[Black "valeriocarnicelli"]
[Result "0-1"]
[WhiteElo "2265"]
[BlackElo "2530"]
[TimeControl "180+2"]
[EndTime "14:52:31 PDT"]
[Termination "valeriocarnicelli won by checkmate"]

1. e4 e5 2. Nf3 Nc6 3. Bb5 g6 4. O-O Bg7 5. c3 a6 6. Ba4 Nge7 7. d4 exd4 8. cxd4 b5 9. Bc2 O-O 10. Nc3 d6 11. Be3 Bg4 12. Rc1 Qd7 13. Bb1 Bxf3 14.
gxf3 Qh3 15. Nd5 Nxd5 16. Rxc6 Nxe3 17. fxe3 Bh6 18. Qe2 Rac8 19. Rfc1 Qh4 20. f4 g5 21. e5 gxf4 22. Qd3 Bg7 23. exd6 f3 24. Qe4 Qg5+ 25. Kf2 Qg2+ 26. Ke1 Qe2# 0-1

[Event "*** Titled Tuesday Blitz"]
[Site "Chess.com"]
[Date "2019.05.07"]
[Round "8"]
[White "Chebure"]
[Black "AlexandraBotez"]
[Result "1-0"]
[WhiteElo "2603"]
[BlackElo "2000"]
[TimeControl "180+2"]
[EndTime "14:52:32 PDT"]
[Termination "Chebure won by resignation"]

1. d4 Nf6 2. Bf4 d5 3. e3 e6 4.
Nf3 Nh5 5. Bg3 Nxg3 6. hxg3 h6 7. Bd3 Nd7 8. Nbd2 Be7 9. c3 b6 10. Qe2 Bb7 11. g4 c5 12. Bb5 a6 13. Ba4 Qc7 14. g5 O-O-O 15. gxh6 gxh6 16. Bc2 f5 17. Bd3 c4 18. Bc2 Nf6 19. Ne5 Rh7 20. O-O-O Nd7 21. Ng6 Bf6 22. Nf4 Nf8 23. g4 Qd7 24.
gxf5 exf5 25. Rh5 Bg5 26. Nf3 Rf7 27. Ne5 Qe7 28. Qf3 Rf6 29. Nh3 Kb8 30. Nxg5 hxg5 31. Rxg5 f4 32. exf4 Ne6 33. Rg4 b5 34. Rdg1 b4 35. Rg7 Qd6 36. Nf7 Rxf4 37. Nxd6 Rxf3 38. Nxb7 bxc3 39. Nxd8 cxb2+ 40. Kxb2 Nxd8 41. Rg8 Kc8 42. Rh1 1-0

[Event "*** Titled Tuesday Blitz"]
[Site "Chess.com"]
[Date "2019.05.07"]
[Round "8"]
[White "witcher8"]
[Black "OneTrickPony_82"]
[Result "0-1"]
[WhiteElo "2335"]
[BlackElo "2335"]
[TimeControl "180+2"]
[EndTime "14:52:32 PDT"]
[Termination "OneTrickPony_82 won on time"]

1. e4 e5 2. Nf3 Nc6 3. Bc4 Nf6 4. d3 Bc5 5. c3 d6 6. Nbd2 a6 7.
a4 h6 8. Nf1 O-O 9. Ng3 Be6 10.
O-O Bxc4 11. dxc4 a5 12. Qd3 Ne7 13. Nh4 Kh7 14. Nhf5 Neg8 15. Kh1 g6 16. Ne3 c6 17. f4 exf4 18. Rxf4 Qe7 19. Ng4 Nxg4 20. Rxg4 Nf6 21. Rh4 h5 22. Bg5 Qe5 23. Bf4 Qe6 24. Rf1 Rae8 25. Bg5 Ng4 26. Nxh5 gxh5 27. e5+ f5 28. exf6+ Qe4 29. Rxh5+ Kg6 0-1

[Event "*** Titled Tuesday Blitz"]
[Site "Chess.com"]
[Date "2019.05.07"]
[Round "8"]
[White "GameOverBro"]
[Black "IMRosen"]
[Result "0-1"]
[WhiteElo "2419"]
[BlackElo "2406"]
[TimeControl "180+2"]
[EndTime "14:52:35 PDT"]
[Termination "IMRosen won by resignation"]

1. e4 e5 2. Nf3 Nf6 3. d4 Nxe4 4. Bd3 d5 5. Nxe5 Nd7 6. Nxd7 Bxd7 7. O-O Be7 8. Nc3 Nxc3 9. bxc3 Be6 10. Qh5 Qd6 11.
Re1 O-O-O 12. a4 Bf6 13. g3 a6 14. Bf4 Qc6 15. Ra3 g6 16. Qf3 h5 17. Bxc7 Bg4 18. Qf4 g5 19. Bf5+ Bxf5 20. Qxf5+ Kxc7 21. c4 dxc4 22. Rae3 Rd7 23. c3 h4 24. g4 h3 25.
f3 Rhd8 26. a5 Kb8 27. Re8 Ka7 28. R8e4 Rd5 29. Qh7 Qd7 30. Qxh3 Rxa5 31. Qh6 Qd6 32. Qh5 Rh8 0-1

[Event "*** Titled Tuesday Blitz"]
[Site "Chess.com"]
[Date "2019.05.07"]
[Round "8"]
[White "Alopekos"]
[Black "mikhaillushenkov"]
[Result "1-0"]
[WhiteElo "2600"]
[BlackElo "2741"]
[TimeControl "180+2"]
[EndTime "14:52:36 PDT"]
[Termination "Alopekos won by checkmate"]

1. e4 e6 2. d4 d5 3. Nc3 Nf6 4. e5 Nfd7 5. Qg4 a6 6. Bg5 f5 7. Qh5+ g6 8. Bxd8 gxh5 9. Bxc7 Nc6 10. O-O-O Bh6+ 11. Kb1 b5 12. Be2 h4 13. Bh5+ Kf8 14.
Nf3 h3 15. gxh3 Rg8 16. Rhg1 Ne7 17. Bd6 Rg7 18. Rxg7 Bxg7 19. Ng5 Nb6 20. Nxh7+ Kg8 21. Nf6+ Kf8 22. Rg1 Ra7 23. Bc5 Rb7 24. Ne8 Bh8 25. Nf6 Bg7 26. Ne2 Na4 27. Bd6 Nb6 28. Nf4 Nc4 29.
Ng6+ Kf7 30. Nxe7+ Kf8 31. Nh7# 1-0

[Event "*** Titled Tuesday Blitz"]
[Site "Chess.com"]
[Date "2019.05.07"]
[Round "8"]
[White "Ambitiousresolutions"]
[Black "Tash_Boy"]
[Result "0-1"]
[WhiteElo "2688"]
[BlackElo "2639"]
[TimeControl "180+2"]
[EndTime "14:52:40 PDT"]
[Termination "Tash_Boy won by resignation"]

1. e4 e5 2. Nf3 Nc6 3. Bc4 Bc5 4. O-O d6 5. c3 Qf6 6. b4 Bb6 7. a4 a6 8. a5 Ba7 9. b5 axb5 10. Bxb5 Ne7 11. d4 exd4 12. cxd4 h6 13. Bb2 O-O 14. h3 Qg6 15. d5 Bxh3 16. Nh4 Qg5 17. dxc6 Qxh4 18. cxb7 Rab8 19. Qd3 Rxb7 20. Nc3 Be6 21. a6 Rbb8 22. Rab1 Ng6 23. g3 Qh3 24. Ne2 Bg4 25. Rfe1 Rxb5 26. Qxb5 Bf3 0-1

[Event "*** Titled Tuesday Blitz"]
[Site "Chess.com"]
[Date "2019.05.07"]
[Round "8"]
[White "MasterKroket"]
[Black "WeAintSurePal"]
[Result "0-1"]
[WhiteElo "2348"]
[BlackElo "2253"]
[TimeControl "180+2"]
[EndTime "14:52:41 PDT"]
[Termination "WeAintSurePal won by resignation"]

1. d4 d5 2. c4 e6 3. Nc3 Be7 4. Nf3 Nf6 5. Bf4 O-O 6. e3 c5 7. dxc5 Bxc5 8. a3 Nc6 9. Nd2 d4 10. exd4 Bxd4 11. Qc2 e5 12. Bg3 a5 13. Bd3 Bc5 14. O-O Nd4 15. Qd1 Re8 16. Nde4 Nxe4 17. Bxe4 Be6 18. Bd5 Bxd5 19. Nxd5 Nf5 20. b4 Bd4 21. Rb1 axb4 22. axb4 b5 23. Qe2 Rc8 24. Ne3 Bxe3 25. fxe3 Nxg3 26. hxg3 bxc4 27. b5 Qb6 28. Rb4 c3 29. Rc1 Red8 30. Kh2 Qh6+ 31. Kg1 Qd6 32. Rc4 Rb8 33. R4xc3 Qb4 34. Rc5 h6 35. Kh2 Rd2 36. Qf3 g6 37. Rxe5 Qb2 38. Rc7 Rxg2+ 39. Qxg2 Qxe5 40. Qf3 Qxc7 0-1

[Event "*** Titled Tuesday Blitz"]
[Site "Chess.com"]
[Date "2019.05.07"]
[Round "8"]
[White "GMKrikor"]
[Black "maxip32"]
[Result "0-1"]
[WhiteElo "2723"]
[BlackElo "2450"]
[TimeControl "180+2"]
[EndTime "14:52:42 PDT"]
[Termination "maxip32 won by resignation"]

1. Nf3 Nf6 2. b3 g6 3. Bb2 Bg7 4. g3 O-O 5. Bg2 d6 6. d4 c5 7. O-O cxd4 8. Nxd4 d5 9. c4 e5 10. Nb5 d4 11. f4 Ng4 12. fxe5 a6 13. Nd6 Nc6 14.
Bxc6 bxc6 15. Bxd4 c5 16. Bxc5 Bxe5 17. Na3 Qa5 18.
Qd5 Be6 19. Qc6 Bxa1 20. Rxa1 Qd2 21. Qf3 Rfd8 22. Rf1 Qg5 23. Nxf7 Qxc5+ 24. Kg2 Ne3+ 0-1

[Event "*** Titled Tuesday Blitz"]
[Site "Chess.com"]
[Date "2019.05.07"]
[Round "8"]
[White "gemarin"]
[Black "Chessdude1987"]
[Result "1-0"]
[WhiteElo "2097"]
[BlackElo "2107"]
[TimeControl "180+2"]
[EndTime "14:52:43 PDT"]
[Termination "gemarin won on time"]

1. d4 e6 2. c4 f5 3. g3 Nf6 4. Bg2 Bb4+ 5. Bd2 Qe7 6. Nf3 Bxd2+ 7. Nbxd2 d6 8. O-O e5 9. dxe5 dxe5 10. e4 f4 11.
gxf4 exf4 12. e5 Ng4 13. h3 Nh6 14. Qa4+ c6 15. Ne4 O-O 16. Nd6 Be6 17. c5 Nd7 18. Rac1 Bd5 19. Rfd1 Nxe5 20. Rxd5 cxd5 21. Qd4 Nxf3+ 22.
Bxf3 Kh8 23. Qxd5 b6 24. c6 Rad8 25. Rd1 Nf5 26. Nf7+ Qxf7 27. Qxd8 Nh4 28. Bg4 h5 29. Qxf8+ Qxf8 30. c7 hxg4 31. Rd8 Nf3+ 32. Kg2 Ne1+ 33.
Kh1 1-0

[Event "*** Titled Tuesday Blitz"]
[Site "Chess.com"]
[Date "2019.05.07"]
[Round "8"]
[White "GMJimKnopf"]
[Black "monalize"]
[Result "0-1"]
[WhiteElo "2365"]
[BlackElo "2341"]
[TimeControl "180+2"]
[EndTime "14:52:48 PDT"]
[Termination "monalize won on time"]

1. e4 c5 2. Nf3 d6 3. d4 cxd4 4. Nxd4 Nf6 5. Nc3 a6 6. Bc4 e6 7. Bb3 b5 8. Be3 Be7 9. Qe2 O-O 10. f3 Qd7 11. O-O-O Qb7 12. g4 b4 13. Na4 Nfd7 14.
g5 Nc5 15. Kb1 Bd7 16. Nxc5 dxc5 17. Nf5 exf5 18. exf5 Bxf5 19. Bf4 Nc6 20. Bd5 Rac8 21. Rhe1 Rfe8 22. h4 g6 23. Qc4 Bf8 24. Rh1 Be6 25. Bxe6 Rxe6 26. h5 Rce8 27. Qd5 Na5 28. Qd3 c4 29.
Qd4 Bg7 30. Qf2 Bf8 31. Qh4 b3 32. cxb3 cxb3 33. a3 Nc4 34. Rc1 Nd6 35. Rhd1 Nf5 36. Qh3 Rc6 37. Rxc6 Qxc6 38. Rc1 Qd5 0-1

[Event "*** Titled Tuesday Blitz"]
[Site "Chess.com"]
[Date "2019.05.07"]
[Round "8"]
[White "kinga2008"]
[Black "Siemba"]
[Result "1-0"]
[WhiteElo "1938"]
[BlackElo "2062"]
[TimeControl "180+2"]
[EndTime "14:52:48 PDT"]
[Termination "kinga2008 won by checkmate"]

1. e4 c5 2. Nf3 Nc6 3. d4 cxd4 4.
Nxd4 Nf6 5. Nc3 e5 6. Ndb5 d6 7.
Bg5 a6 8. Bxf6 gxf6 9. Na3 b5 10. Nd5 f5 11. Qf3 fxe4 12. Nf6+ Ke7 13. Nxe4 f5 14.
Ng3 e4 15. Nxf5+ Kf6 16. Qxe4 Bxf5 17. Qxc6 Rc8 18. Qf3 h5 19. Bd3 Rc5 20. O-O Rg8 21. Rae1 Bh6 22. b4 Re5 23. Rxe5 dxe5 24. Qxf5+ Kg7 25.
Qg6+ Kh8 26. Qxh6# 1-0

[Event "*** Titled Tuesday Blitz"]
[Site "Chess.com"]
[Date "2019.05.07"]
[Round "8"]
[White "PE-TRO"]
[Black "CarrotsandPizza"]
[Result "1-0"]
[WhiteElo "2793"]
[BlackElo "2168"]
[TimeControl "180+2"]
[EndTime "14:52:49 PDT"]
[Termination "PE-TRO won on time"]

1. d4 Nf6 2. Nf3 g6 3. g3 Bg7 4. Bg2 O-O 5. O-O d6 6. b3 a5 7. Nc3 d5 8. Bb2 c6 9. Ne5 Bf5 10. Re1 Nbd7 11. Nd3 Qc8 12. Na4 Qc7 13. f3 Ne8 14. e4 Be6 15. Nf4 b5 16. Nxe6 fxe6 17. Nc3 Qb6 18. Ne2 a4 19. Bh3 Nc7 20. exd5 cxd5 21.
Nf4 a3 22. Bc3 b4 23. Nxe6 bxc3 24. Nxg7 Kxg7 25. Rxe7+ Rf7 26. Rxf7+ Kxf7 27. Bxd7 Ne6 28. Bxe6+ Kxe6 29. Qe2+ Kf7 30. Qe5 Re8 31. Qxd5+ Kf8 32. Kf2 Rd8 33. Qc5+ Qxc5 34. dxc5 Rd2+ 35. Ke3 Rxc2 36.
Kd3 Rxh2 37. Kxc3 Rf2 38. Rd1 Rxa2 39. c6 1-0

[Event "*** Titled Tuesday Blitz"]
[Site "Chess.com"]
[Date "2019.05.07"]
[Round "8"]
[White "LarissaSteenbekkers"]
[Black "Komissarov_alex"]
[Result "1-0"]
[WhiteElo "1981"]
[BlackElo "2101"]
[TimeControl "180+2"]
[EndTime "14:52:58 PDT"]
[Termination "LarissaSteenbekkers won on time"]

1. e4 e5 2. Nf3 Nc6 3. Bb5 Nd4 4.
Nxd4 exd4 5. O-O c6 6. Ba4 Nf6 7. d3 d5 8. f4 dxe4 9. dxe4 Bc5 10. e5 d3+ 11. Kh1 Ng4 12. Qe1 dxc2 13. Bxc2 O-O 14. f5 Qd5 15. Bf4 Re8 16. Nc3 Qc4 17. h3 Nh6 18.
Bxh6 gxh6 19. Bb3 Qd4 20. Qg3+ Kh8 21. Bxf7 Qxe5 22. Qh4 Qe7 23. Qh5 Rf8 24. Bg6 hxg6 25.
fxg6 1-0

[Event "*** Titled Tuesday Blitz"]
[Site "Chess.com"]
[Date "2019.05.07"]
[Round "8"]
[White "Sadikhov_Ulvi"]
[Black "ShimanovAlex"]
[Result "0-1"]
[WhiteElo "2695"]
[BlackElo "2846"]
[TimeControl "180+2"]
[EndTime "14:53:01 PDT"]
[Termination "ShimanovAlex won by resignation"]

1. Nf3 b5 2. g3 Bb7 3. Bg2 g6 4. O-O Bg7 5. d3 c5 6. e4 d6 7.
a4 b4 8. c3 a5 9. cxb4 axb4 10.
Nbd2 Nf6 11. Nc4 O-O 12. Re1 Nc6 13. e5 Nd5 14. exd6 exd6 15. Bg5 Qd7 16. Nfd2 Nd4 17.
Ne4 Ra6 18. a5 h6 19. Be3 f5 20. Bxd4 Bxd4 21. Ned2 f4 22. Ne4 Kg7 23. Qd2 f3 24.
Bf1 Nc7 25. Qc2 Nb5 26. Ned2 Bf6 27. Nb3 Nd4 28. Nxd4 Bxd4 29. Nb6 Qf7 30. Qa4 h5 31. Qb5 h4 32. Nd7 hxg3 33. hxg3 Bc6 34. Qxa6 Qxd7 35. Qc4 Qg4 36. Re3 d5 37. Qc1 Rh8 38. Qe1 Qh5 39.
Re7+ Kf8 40. Bh3 Qxh3 0-1

[Event "*** Titled Tuesday Blitz"]
[Site "Chess.com"]
[Date "2019.05.07"]
[Round "8"]
[White "The_Chess_Coach"]
[Black "pedro_gines"]
[Result "0-1"]
[WhiteElo "2186"]
[BlackElo "2362"]
[TimeControl "180+2"]
[EndTime "14:53:05 PDT"]
[Termination "pedro_gines won by resignation"]

1. d4 d5 2. c4 c6 3. Nc3 Nf6 4. Nf3 dxc4 5. a4 e6 6. Ne5 c5 7. dxc5 Qxd1+ 8. Nxd1 Bxc5 9. Nxc4 O-O 10. g3 Ne4 11. Bg2 Bb4+ 12. Kf1 Nc5 13. Be3 Nb3 14. Rb1 Nc6 15. Nc3 Bd7 16. Nb5 Rfd8 17. h4 Be8 18.
Kg1 Rac8 19. Kh2 a6 20. Nb6 axb5 21. Nxc8 Rxc8 22. axb5 Ne5 23. b6 Ng4+ 24. Kh3 Nxe3 25. fxe3 Bc6 26. Rhd1 Kf8 27. Bxc6 Rxc6 28. Rd7 Rxb6 29.
Rbd1 Nc5 30. Rd8+ Ke7 31. Rc8 Ne4 32. Rc7+ Kf6 33. Rdd7 Nd6 34. Kg4 Ke5 35. Kf3 h5 36. b3 g6 37. Rc2 Ra6 38. Rcc7 Ra3 39. Rxd6 Bxd6 40. Rxb7 f5 41. b4 Rb3 42. b5 Bc5 43.
Rg7 Rxe3+ 44. Kg2 Rxe2+ 45. Kf1 Rf2+ 46. Ke1 Rb2 47. Rxg6 Rxb5 48. Rg5 Rb3 49. Rxh5 Rxg3 50. Rh8 Kf4 51. Rc8 Bd4 52. Rc4 e5 53. Ra4 e4 54.
Ra8 Rg2 55. Ra4 Rh2 56. Rxd4 Ke3 0-1